 Dungeon Crawl Stone Soup version 0.27-a0-789-g6bb3289e1e (webtiles) character file.

Game seed: 10588180881338748575

128 rageheart7 the Magician (level 4, -1/24 HPs)
             Began as a Deep Elf Transmuter on Mar 26, 2021.
             Succumbed to an adder's poison
             ... on level 3 of the Dungeon.
             The game lasted 00:03:50 (1474 turns).

rageheart7 the Magician (Deep Elf Transmuter)       Turns: 1474, Time: 00:03:50

Health: -1/24      AC:  2    Str:  5 (7)  XL:     4   Next: 87%
Magic:  13/13      EV: 12    Int: 17 (19) God:
Gold:   161        SH:  0    Dex: 14 (15) Spells: 9/13 levels left

rFire    . . .     SeeInvis .   e - +1 dagger (speed)
rCold    . . .     Faith    .   (no shield)
rNeg     . . .     Spirit   .   a - +0 robe
rPois    .         Reflect  .   (no helmet)
rElec    .         Harm     .   (no cloak)
rCorr    .         Rampage  .   (no gloves)
Will     .....                  (no boots)
Stlth    +.........             d - amulet of regeneration
HPRegen  1.08/turn              (no ring)
MPRegen  0.13/turn              (no ring)

@: lethally poisoned (-1 -> -5)
A: no striking features
a: no special abilities


You were on level 3 of the Dungeon.
You visited 1 branch of the dungeon, and saw 3 of its levels.

You collected 161 gold pieces.

Inventory:

Hand Weapons
 e - a +1 dagger of speed (weapon)
Armour
 a - a +0 robe (worn)
Jewellery
 b - a +6 ring of strength
 d - an amulet of regeneration (around neck)
Wands
 f - a wand of flame (18)
Scrolls
 h - 2 scrolls of identify


   Skills:
 - Level 0.7 Fighting
 + Level 1.0 Short Blades
 - Level 2.4 Dodging
 - Level 2.5 Unarmed Combat
 * Level 5.3 Spellcasting
 * Level 2.6 Hexes
 - Level 2.9 Transmutations


You had 9 spell levels left.
You knew the following spells:

 Your Spells              Type           Power      Damage    Failure   Level
a - Beastly Appendage     Tmut           28%        N/A       4%          1
b - Confusing Touch       Hex            13%        N/A       14%         3

Your spell library contained the following spells:

 Spells                   Type           Power      Damage    Failure   Level
 Wereblood                Tmut           14%        N/A       6%          2
 Spider Form              Tmut/Pois      4%         N/A       22%         3
 Gell's Gravitas          Tloc           2%         N/A       38%         3
 Ice Form                 Ice/Tmut       9%         N/A       58%         4
 Petrify                  Tmut/Erth      9%         N/A       58%         4
 Blade Hands              Tmut           7%         N/A       75%         5
 Yara's Violent Unravell  Hex/Tmut       7%         3d5       77%         5
 Metabolic Englaciation   Hex/Ice        4%         N/A       91%         5


Dungeon Overview and Level Annotations

Branches:
Dungeon (3/15)

Altars:
Vehumet

Shops:
D:1 =

Portals:
Sewer: D:3


Message History

You feel sick. The adder barely misses you.
You miss the adder. Your punch misses the adder.
The adder is heavily wounded.
The adder bites you.
* * * LOW HITPOINT WARNING * * *
You barely miss the adder.
The adder is heavily wounded.
You feel sick. The adder completely misses you.
It was a potion of might.
You feel very mighty all of a sudden.
You feel sick. The adder bites you.
* * * LOW HITPOINT WARNING * * *
It was a potion of degeneration.
There was something very wrong with that liquid.
You feel weakened.
You feel dopey.
You feel clumsy.
You feel sick.
You are no longer poisoned.
The adder completely misses you.
Your magical effects are unravelling.
You feel magically purged.
Your horns disappear.
Your talons disappear.
You feel a little less mighty now. The adder bites you but does no damage.
The adder bites you.
* * * LOW HITPOINT WARNING * * *
You are poisoned.
The adder poisons you!
You hit the adder.
The adder is severely wounded.
You feel sick.
You closely miss the adder.
The adder is severely wounded.
You feel sick. The adder closely misses you.
You hit the adder but do no damage.
The adder is severely wounded.
The adder bites you.
* * * LOW HITPOINT WARNING * * *
You are lethally poisoned!
The adder poisons you!
You closely miss the adder.
The adder is severely wounded.
You die...

,,,,,,,,,*
,,,,,,,,,*
,,,,,,,,,*
,,,,,,,,,*
,,,,,,,,,**
,,,,,,,,,.#*
,,,,.......#######
,................#
,,.......#######@#
,,,......#≈≈≈≈S#S#
,,*#..*#.#≈≈∩≈≈'B#
,,*#..*#.#≈≈≈≈≈#.#
,,*#.(##.#######.#
,,*#.............#
,,**$#.#.#.####..#
,,**,#.#.†)# #.##
,,,,,#<###.#**#.#


You could see 2 adders and a giant cockroach.

Vanquished Creatures
  Terence (D:3)
  5 adders
  A dart slug (D:1)
  4 ball pythons
  4 endoplasms
  2 giant cockroaches
  2 goblins (D:1)
  4 hobgoblins
  10 jackals
  2 quokkas
  4 bats
  2 frilled lizards (D:1)
  3 kobolds
  5 rats
49 creatures vanquished.

Notes
Turn   | Place    | Note
-------+----------+-------------------------------------------
     0 | D:1      | rageheart7 the Deep Elf Transmuter began the quest for the
                  | Orb.
     0 | D:1      | Reached XP level 1. HP: 11/11 MP: 6/6
    82 | D:1      | Found Eptoeqism's Jewellery Shoppe.
   122 | D:1      | Reached XP level 2. HP: 16/16 MP: 8/8
   278 | D:1      | Reached skill level 4 in Spellcasting
   656 | D:2      | Reached XP level 3. HP: 20/20 MP: 8/10
   660 | D:2      | Learned a level 3 spell: Confusing Touch
   930 | D:2      | Reached skill level 1 in Hexes
   949 | D:2      | Found a radiant altar of Vehumet.
  1104 | D:2      | Reached XP level 4. HP: 24/24 MP: 12/12
  1404 | D:3      | Found a glowing drain.
  1404 | D:3      | Noticed Terence
  1424 | D:3      | Killed Terence
  1425 | D:3      | Reached skill level 5 in Spellcasting
  1453 | D:3      | Reached skill level 1 in Short Blades
  1474 | D:3      | Succumbed to an adder's poison

Illustrated notes

Levels and vault maps discovered:
D:1:      dpeg_arrival_three_same_balls, layout_rooms, serial_shops, shop,
          roderic_three_in_a_row
D:2:      layout_loops_ring, old_standard_altar
D:3:      layout_rooms, gup_sewer_entry_glass, serial_shops,
          nicolae_shop_statue_plus, uniq_terence

Skill      XL: |  1  2  3  4 |
---------------+-------------+-----
Spellcasting   | 4 5 |  5.3
Hexes          | 1 2 |  2.6
Short Blades   | 1 |  1.0
Fighting       | |  0.7
Dodging        | |  2.4
Unarmed Combat | |  2.5
Transmutations | |  2.9

Action                   |  1- 3 |  4- 6 || total
-------------------------+-------+-------++-------
Melee: Unarmed           |    43 |       ||    43
       Kick              |    30 |    15 ||    45
       Headbutt          |    17 |     8 ||    25
       Dagger            |   100 |    63 ||   163
       Punch             |     4 |     2 ||     6
 Cast: Beastly Appendage |    18 |     3 ||    21
       Confusing Touch   |       |     1 ||     1
  Use: Scroll            |     1 |     3 ||     4
       Potion            |       |     3 ||     3
 Stab: Sleeping          |     2 |     1 ||     3
       Confused          |       |     4 ||     4
Armor: Robe              |    16 |    11 ||    27
Dodge: Dodged            |    69 |    37 ||   106

Table legend: (Time is in decaauts)
 A = Elapsed time spent in this place.
 B = Non-inter-level travel time spent in this place.
 C = Inter-level travel time spent in this place.
 D = Time resting spent in this place.
 E = Time spent auto-exploring this place.
 F = Levels seen in this place.
 G = Mean time per level.
                   A        B        C        D        E       F      G
               +--------+--------+--------+--------+--------+-----+--------+
         Total |   1413 |   1333 |     80 |      0 |   1016 |   3 |  471.0 |
       Dungeon |   1413 |   1333 |     80 |      0 |   1016 |   3 |  471.0 |
               +--------+--------+--------+--------+--------+-----+--------+

Top non-repeatable levels by time:
     D:2: 756 daAuts
     D:1: 599 daAuts
     D:3: 57 daAuts
